TOP OF THE 1ST |
Oakland (APP) Athletics batting - Pitching for Burlington Royals : RHP Josh Bishop
|
Pitching: RHP Josh Bishop
|
|
Batting: RHB Danny Murillo
|
0-0: Ball 1-0: Ball 2-0: Called Strike 2-1: Ball 3-1: Bunt missed! 3-2: Fly out, F9 (Line Drive, 9D, EV 86.9 MPH)
|
Batting: LHB Koson Hirai
|
0-0: Ground out U3 (Groundball, 3, EV 93.8 MPH)
|
Batting: LHB Dave Talbert
|
0-0: Called Strike 0-1: Ball 1-1: Foul Ball, location: 2F 1-2: Ball 2-2: Foul Ball, location: 2F 2-2: Foul Ball, location: 2F 2-2: Ball 3-2: Foul Ball, location: 2F 3-2: Foul Ball, location: 2F 3-2: Base on Balls
|
Batting: LHB Yoshinari Nara
|
0-0: Called Strike Dave Talbert steals 2nd base 0-1: Swinging Strike 0-2: Ball Wild Pitch! Dave Talbert to third 1-2: Ball 2-2: Ball 3-2: Foul Ball, location: 2F 3-2: Base on Balls
|
Batting: RHB Stu Rancourt
|
0-0: Ball 1-0: Ball Wild Pitch! Dave Talbert scores Yoshinari Nara to second 2-0: Fly out, F9 (Flyball, 9S, EV 77.5 MPH)
|
Top of the 1st over - 1 run, 0 hits, 0 errors, 1 left on base; Oakland (APP) 1 - Burlington 0 |
BOTTOM OF THE 1ST |
Burlington Royals batting - Pitching for Oakland (APP) Athletics : LHP Tadasumi Adachi
|
Pitching: LHP Tadasumi Adachi
|
|
Batting: RHB Paul Greto
|
0-0: Called Strike 0-1: Ground out 6-3 (Groundball, 6, EV 107.5 MPH)
|
Batting: RHB Jake Burkhart
|
0-0: Called Strike 0-1: Ball 1-1: Ball 2-1: Swinging Strike 2-2: Strikes out looking
|
Batting: RHB Devin Garrett
|
0-0: Foul Ball, location: 2F 0-1: Swinging Strike 0-2: Ground out 4-3 (Groundball, 4, EV 83.8 MPH)
|
Bottom of the 1st over - 0 runs, 0 hits, 0 errors, 0 left on base; Oakland (APP) 1 - Burlington 0 |
TOP OF THE 2ND |
Oakland (APP) Athletics batting - Pitching for Burlington Royals : RHP Josh Bishop
|
Batting: LHB Clyde Saxton
|
0-0: Ball 1-0: Ball 2-0: Ball 3-0: Base on Balls
|
Batting: RHB Javier Garcia
|
0-0: Ball 1-0: Ball 2-0: SINGLE (Groundball, 6MD, EV 95.6 MPH) Clyde Saxton to second
|
Batting: RHB Omar Quintana
|
0-0: Ball 1-0: Called Strike 1-1: Foul Ball, location: 2F 1-2: Ball 2-2: Ball 3-2: Base on Balls Clyde Saxton to third Javier Garcia to second
|
Batting: LHB Robert Ibarra
|
0-0: Swinging Strike 0-1: Foul Ball, location: 2F 0-2: Strikes out swinging
|
Batting: RHB Danny Murillo
|
0-0: Ball 1-0: GRAND SLAM HOME RUN (Flyball, 7D, EV 91.3 MPH), Distance : 368 ft
|
Batting: LHB Koson Hirai
|
0-0: Fly out, F7 (Flyball, 7LS, EV 84.4 MPH)
|
Batting: LHB Dave Talbert
|
0-0: Ball 1-0: Foul Ball, location: 2F 1-1: SOLO HOME RUN (Flyball, 9LD, EV 113.8 MPH), Distance : 341 ft
|
Batting: LHB Yoshinari Nara
|
0-0: Called Strike 0-1: Called Strike 0-2: Ball 1-2: Ball 2-2: Ground out U3 (Groundball, 34, EV 83.8 MPH)
|
Top of the 2nd over - 5 runs, 3 hits, 0 errors, 0 left on base; Oakland (APP) 6 - Burlington 0 |
BOTTOM OF THE 2ND |
Burlington Royals batting - Pitching for Oakland (APP) Athletics : LHP Tadasumi Adachi
|
Batting: LHB Natanael Frois
|
0-0: Foul Ball, location: 2F 0-1: Ball 1-1: Called Strike 1-2: Strikes out looking
|
Batting: RHB Jason Sloan
|
0-0: Ball 1-0: Ball 2-0: Foul Ball, location: 2F 2-1: Ball 3-1: Base on Balls
|
Batting: RHB Yuri Gielkens
|
0-0: Called Strike 0-1: Ball 1-1: Foul Ball, location: 2F 1-2: Ball 2-2: Strikes out swinging
|
Batting: LHB Jim Hollowell
|
0-0: Ball 1-0: Foul Ball, location: 2F 1-1: Swinging Strike 1-2: Ball 2-2: SINGLE (Groundball, 6D, EV 101.9 MPH) Jason Sloan to second
|
Batting: LHB Lapaele Keneke
|
0-0: Ball 1-0: Ball 2-0: Ball 3-0: Called Strike 3-1: Fielders Choice at 2nd, U6 (Groundball, 6M, EV 84.4 MPH)
|
Bottom of the 2nd over - 0 runs, 1 hit, 0 errors, 2 left on base; Oakland (APP) 6 - Burlington 0 |
TOP OF THE 3RD |
Oakland (APP) Athletics batting - Pitching for Burlington Royals : RHP Josh Bishop
|
Pitching: RHP Joel Cruz
|
|
Batting: RHB Stu Rancourt
|
0-0: Ball 1-0: Ball 2-0: Foul Ball, location: 2F 2-1: Foul Ball, location: 2F 2-2: Strikes out swinging
|
Batting: LHB Clyde Saxton
|
0-0: Called Strike 0-1: Ball 1-1: Called Strike 1-2: Fly out, F8 (Flyball, 78D, EV 106.9 MPH)
|
Batting: RHB Javier Garcia
|
0-0: Called Strike 0-1: Ball 1-1: Ball 2-1: Fly out, F8 (Flyball, 8LM, EV 90.6 MPH)
|
Top of the 3rd over - 0 runs, 0 hits, 0 errors, 0 left on base; Oakland (APP) 6 - Burlington 0 |
BOTTOM OF THE 3RD |
Burlington Royals batting - Pitching for Oakland (APP) Athletics : LHP Tadasumi Adachi
|
Batting: RHB Kirby Newman
|
0-0: Foul Ball, location: 2F 0-1: Ball 1-1: Ball 2-1: Foul Ball, location: 2F 2-2: Strikes out swinging
|
Batting: RHB Paul Greto
|
0-0: Called Strike 0-1: Ball 1-1: Foul Ball, location: 2F 1-2: Ground out 1-3 (Groundball, 13S, EV 66.9 MPH)
|
Batting: RHB Jake Burkhart
|
0-0: Called Strike 0-1: Ground out 4-3 (Groundball, 4M, EV 83.1 MPH)
|
Bottom of the 3rd over - 0 runs, 0 hits, 0 errors, 0 left on base; Oakland (APP) 6 - Burlington 0 |
TOP OF THE 4TH |
Oakland (APP) Athletics batting - Pitching for Burlington Royals : RHP Joel Cruz
|
Batting: RHB Omar Quintana
|
0-0: Fly out, F8 (Line Drive, 8RD, EV 97.5 MPH)
|
Batting: LHB Robert Ibarra
|
0-0: Ball 1-0: Foul Ball, location: 2F 1-1: Ball 2-1: Ball 3-1: Swinging Strike 3-2: Foul Ball, location: 2F 3-2: Ground out 4-3 (Groundball, 4, EV 81.3 MPH)
|
Batting: RHB Danny Murillo
|
0-0: Foul Ball, location: 2F 0-1: Ball 1-1: Swinging Strike 1-2: Foul Ball, location: 2F 1-2: Foul Ball, location: 2F 1-2: Foul Ball, location: 2F 1-2: DOUBLE (Line Drive, 9LM, EV 91.3 MPH)
|
Batting: LHB Koson Hirai
|
0-0: Ball 1-0: Called Strike 1-1: Swinging Strike 1-2: Ground out 1-3 (Groundball, 34S, EV 66.3 MPH)
|
Top of the 4th over - 0 runs, 1 hit, 0 errors, 1 left on base; Oakland (APP) 6 - Burlington 0 |
BOTTOM OF THE 4TH |
Burlington Royals batting - Pitching for Oakland (APP) Athletics : LHP Tadasumi Adachi
|
Batting: RHB Devin Garrett
|
0-0: Ball 1-0: Swinging Strike 1-1: Foul Ball, location: 2F 1-2: Ball 2-2: Ball 3-2: Base on Balls
|
Batting: LHB Natanael Frois
|
0-0: Called Strike 0-1: Called Strike 0-2: Ball 1-2: Ball 2-2: Ball 3-2: SINGLE (Groundball, 4MD, EV 105.6 MPH) Devin Garrett to second Runner from 2nd tries for 3rd, SAFE, throw by CF made to third
|
Batting: RHB Jason Sloan
|
0-0: Called Strike 0-1: Called Strike 0-2: Ball 1-2: Strikes out swinging
|
Batting: RHB Yuri Gielkens
|
0-0: Called Strike 0-1: Ball 1-1: Foul Ball, location: 2F 1-2: SINGLE (Groundball, 56D, EV 105.6 MPH) Devin Garrett scores Natanael Frois to second
|
Batting: LHB Jim Hollowell
|
0-0: Foul Ball, location: 2F 0-1: Called Strike 0-2: Foul Ball, location: 2F 0-2: Ball 1-2: Ball 2-2: SINGLE (Groundball, 4, EV 82.5 MPH) (infield hit) Natanael Frois to third Yuri Gielkens to second
|
Pitching: RHP Danny Rivera
|
|
Batting: LHB Lapaele Keneke
|
0-0: Called Strike 0-1: Foul Ball, location: 2F 0-2: Foul Ball, location: 2F 0-2: Ball 1-2: Strikes out swinging
|
Batting: RHB Kirby Newman
|
0-0: Called Strike 0-1: Ball 1-1: Called Strike 1-2: Fly out, F9 (Flyball, 89S, EV 90.0 MPH)
|
Bottom of the 4th over - 1 run, 3 hits, 0 errors, 3 left on base; Oakland (APP) 6 - Burlington 1 |
TOP OF THE 5TH |
Oakland (APP) Athletics batting - Pitching for Burlington Royals : RHP Joel Cruz
|
Batting: LHB Dave Talbert
|
0-0: Foul Ball, location: 2F 0-1: Ball 1-1: Swinging Strike 1-2: Ball 2-2: Strikes out swinging
|
Batting: LHB Yoshinari Nara
|
0-0: Ball 1-0: Called Strike 1-1: Foul Ball, location: 2F 1-2: Strikes out swinging
|
Batting: RHB Stu Rancourt
|
0-0: Fly out, F7 (Flyball, 7LS, EV 95.0 MPH)
|
Top of the 5th over - 0 runs, 0 hits, 0 errors, 0 left on base; Oakland (APP) 6 - Burlington 1 |
BOTTOM OF THE 5TH |
Burlington Royals batting - Pitching for Oakland (APP) Athletics : RHP Danny Rivera
|
Batting: RHB Paul Greto
|
0-0: Ball 1-0: Called Strike 1-1: Fly out, F7 (Flyball, 7, EV 81.3 MPH)
|
Batting: RHB Jake Burkhart
|
0-0: Called Strike 0-1: Called Strike 0-2: Strikes out swinging
|
Batting: RHB Devin Garrett
|
0-0: Swinging Strike 0-1: Ball 1-1: Ball 2-1: SINGLE (Groundball, 56D, EV 105.0 MPH)
|
Batting: LHB Natanael Frois
|
0-0: Called Strike 0-1: Foul Ball, location: 2F 0-2: Ball 1-2: Strikes out swinging
|
Bottom of the 5th over - 0 runs, 1 hit, 0 errors, 1 left on base; Oakland (APP) 6 - Burlington 1 |
TOP OF THE 6TH |
Oakland (APP) Athletics batting - Pitching for Burlington Royals : RHP Joel Cruz
|
Batting: LHB Clyde Saxton
|
0-0: Ball 1-0: Ball 2-0: Ball 3-0: Called Strike 3-1: Base on Balls
|
Pitching: LHP Elijah Finch
|
|
Batting: RHB Javier Garcia
|
0-0: Called Strike 0-1: Ball 1-1: Foul Ball, location: 2F 1-2: Foul Ball, location: 2F 1-2: Fly out, F8 (Line Drive, 8LM, EV 91.9 MPH)
|
Batting: RHB Omar Quintana
|
0-0: Called Strike 0-1: Ball 1-1: Foul Ball, location: 2F 1-2: Ball 2-2: Foul Ball, location: 2F 2-2: Fly out, F9 (Flyball, 9LS, EV 90.6 MPH)
|
Batting: LHB Robert Ibarra
|
0-0: Ball 1-0: Called Strike 1-1: Ground out 1-3 (Groundball, 15, EV 87.5 MPH)
|
Top of the 6th over - 0 runs, 0 hits, 0 errors, 1 left on base; Oakland (APP) 6 - Burlington 1 |
BOTTOM OF THE 6TH |
Burlington Royals batting - Pitching for Oakland (APP) Athletics : RHP Danny Rivera
|
Batting: RHB Jason Sloan
|
0-0: Ball 1-0: Ball 2-0: Foul Ball, location: 2F 2-1: Called Strike 2-2: Ground out 4-3 (Groundball, 4M, EV 110.0 MPH)
|
Batting: RHB Yuri Gielkens
|
0-0: Ball 1-0: Ground out 5-3 (Groundball, 5, EV 99.4 MPH)
|
Batting: LHB Jim Hollowell
|
0-0: Ball 1-0: Called Strike 1-1: Ball 2-1: Swinging Strike 2-2: Strikes out swinging
|
Bottom of the 6th over - 0 runs, 0 hits, 0 errors, 0 left on base; Oakland (APP) 6 - Burlington 1 |
TOP OF THE 7TH |
Oakland (APP) Athletics batting - Pitching for Burlington Royals : LHP Elijah Finch
|
Batting: RHB Danny Murillo
|
0-0: Ball 1-0: Ball 2-0: Ball 3-0: Base on Balls
|
Batting: LHB Koson Hirai
|
0-0: Called Strike Danny Murillo steals 2nd base 0-1: Ball 1-1: Foul Ball, location: 2F 1-2: Ball 2-2: Strikes out looking
|
Batting: LHB Dave Talbert
|
0-0: Called Strike 0-1: Swinging Strike 0-2: Ball 1-2: Foul Ball, location: 2F 1-2: Strikes out swinging
|
Batting: LHB Yoshinari Nara
|
0-0: Called Strike 0-1: Ball Wild Pitch! Danny Murillo to third 1-1: Foul Ball, location: 2F 1-2: SINGLE (Flyball, 6D, EV 86.3 MPH) Danny Murillo scores
|
Batting: RHB Stu Rancourt
|
0-0: Ball Yoshinari Nara steals 2nd base 1-0: Foul Ball, location: 2F 1-1: SINGLE (Line Drive, 78S, EV 93.1 MPH) Yoshinari Nara to third Runner from 3rd tries for Home, throw by LF and OUT! 7-2
|
Top of the 7th over - 1 run, 2 hits, 0 errors, 1 left on base; Oakland (APP) 7 - Burlington 1 |
BOTTOM OF THE 7TH |
Burlington Royals batting - Pitching for Oakland (APP) Athletics : RHP Danny Rivera
|
Batting: LHB Lapaele Keneke
|
0-0: Called Strike 0-1: Swinging Strike 0-2: DOUBLE (Line Drive, 8RXD, EV 102.5 MPH)
|
Batting: RHB Kirby Newman
|
0-0: Ball 1-0: Swinging Strike 1-1: Ball 2-1: Swinging Strike 2-2: Fly out, F4 (Popup, 4, EV 76.9 MPH)
|
Batting: RHB Paul Greto
|
0-0: Called Strike 0-1: Ball 1-1: Ball 2-1: Called Strike 2-2: Ball 3-2: Base on Balls
|
Pitching: LHP Ruben Nunez
|
|
Batting: RHB Jake Burkhart
|
0-0: Ball 1-0: Grounds into double play, 4-6-3 (Groundball, 4, EV 90.0 MPH)
|
Bottom of the 7th over - 0 runs, 1 hit, 0 errors, 1 left on base; Oakland (APP) 7 - Burlington 1 |
TOP OF THE 8TH |
Oakland (APP) Athletics batting - Pitching for Burlington Royals : LHP Elijah Finch
|
Batting: LHB Clyde Saxton
|
0-0: Called Strike 0-1: Ball 1-1: Ground out 5-3 (Groundball, 56, EV 81.3 MPH)
|
Batting: RHB Javier Garcia
|
0-0: Ball 1-0: Swinging Strike 1-1: Ground out 4-3 (Groundball, 4, EV 110.6 MPH)
|
Batting: RHB Omar Quintana
|
0-0: Called Strike 0-1: Called Strike 0-2: Ball 1-2: Ball 2-2: Strikes out swinging
|
Top of the 8th over - 0 runs, 0 hits, 0 errors, 0 left on base; Oakland (APP) 7 - Burlington 1 |
BOTTOM OF THE 8TH |
Burlington Royals batting - Pitching for Oakland (APP) Athletics : LHP Ruben Nunez
|
Batting: RHB Devin Garrett
|
0-0: Called Strike 0-1: Ball 1-1: Called Strike 1-2: Foul Ball, location: 2F 1-2: Ball 2-2: Ball 3-2: Foul Ball, location: 2F 3-2: Base on Balls
|
Batting: LHB Natanael Frois
|
0-0: Ground out 5-3 (Groundball, 6S, EV 69.4 MPH) Devin Garrett to second
|
Batting: RHB Jason Sloan
|
0-0: Ground out 4-3 (Groundball, 6MD, EV 83.1 MPH) Devin Garrett to third
|
Batting: RHB Yuri Gielkens
|
0-0: Foul Ball, location: 2F 0-1: Ground out 5-3 (Groundball, 5S, EV 85.6 MPH)
|
Bottom of the 8th over - 0 runs, 0 hits, 0 errors, 1 left on base; Oakland (APP) 7 - Burlington 1 |
TOP OF THE 9TH |
Oakland (APP) Athletics batting - Pitching for Burlington Royals : LHP Elijah Finch
|
Batting: LHB Robert Ibarra
|
0-0: Ball 1-0: Called Strike 1-1: Foul Ball, location: 2F 1-2: Ball 2-2: Ball 3-2: Foul Ball, location: 2F 3-2: Foul Ball, location: 2F 3-2: Fly out, F8 (Flyball, 8LS, EV 77.5 MPH)
|
Batting: RHB Danny Murillo
|
0-0: Called Strike 0-1: Foul Ball, location: 2F 0-2: Strikes out swinging
|
Batting: LHB Koson Hirai
|
0-0: Ball 1-0: Ground out 3-1 (Groundball, 34, EV 84.4 MPH)
|
Top of the 9th over - 0 runs, 0 hits, 0 errors, 0 left on base; Oakland (APP) 7 - Burlington 1 |
BOTTOM OF THE 9TH |
Burlington Royals batting - Pitching for Oakland (APP) Athletics : LHP Ruben Nunez
|
Batting: LHB Jim Hollowell
|
0-0: Called Strike 0-1: Called Strike 0-2: Strikes out swinging
|
Batting: LHB Lapaele Keneke
|
0-0: Ground out 4-3 (Groundball, 4, EV 109.4 MPH)
|
Batting: RHB Kirby Newman
|
0-0: Ball 1-0: Fly out, F8 (Flyball, 8RS, EV 84.4 MPH)
|
Bottom of the 9th over - 0 runs, 0 hits, 0 errors, 0 left on base; Oakland (APP) 7 - Burlington 1 |
|